 Dungeon Crawl Stone Soup version 0.31-a0-728-g01b46875f1 (webtiles) character file.

Game seed: 16206666145763756868

7916 Fodor the Basher (level 11, -2/94 HPs)
             Began as a Minotaur Fighter on Sept 11, 2023.
             Was an Initiate of Gozag.
             Killed from afar by a wretched star (21 damage)
             ... with a lance of force
             ... on level 1 of the Abyss.
             The game lasted 00:45:06 (10697 turns).

Fodor the Basher (Minotaur Fighter)                Turns: 10697, Time: 00:45:07

Health: -2/94      AC: 12    Str: 30    XL:     11   Next: 3%
Magic:  7/7        EV:  9    Int:  1    God:    Gozag
Gold:   1372       SH: 10    Dex: 11    Spells: 10/10 levels left

rFire   . . .        a - +2 flail (heavy)
rCold   x x .        N - +0 kite shield
rNeg    . . .        G - +0 plate armour
rPois   .            (helmet restricted)
rElec   .            v - +0 cloak
rCorr   +            L - +0 pair of gloves
SInv    .            (no boots)
Will    .....        k - amulet of the acrobat Stlth
                     q - +6 ring of strength
HPRegen 0.00/turn    A - ring of resist corrosion
MPRegen 0.10/turn

%: random rage (9%), acrobat
@: inhibited regen
A: horns 2, retaliatory headbutt, [berserk 2], [deformed body], [deterioration
2], [dopey 2], [low MP 2], [screaming 2], [inhibited regeneration],
([teleportitis 2]), [cold vulnerability 2], [subdued magic 2], [inability to
read after injury 2]
a: Renounce Religion, Potion Petition, Call Merchant, Bribe Branch


You were on level 1 of the Abyss.
You worshipped Gozag.
Gozag was most pleased with you.
You visited 1 branch of the dungeon, and saw 11 of its levels.
You visited the Abyss 1 time.

You collected 1459 gold pieces.
You paid 87 gold pieces to Gozag.

Inventory:

Hand Weapons
 a - a +2 heavy flail (weapon)
 b - a +0 whip
 E - a +0 battleaxe
 J - a +5 great sword
 P - a +0 orcbow
Missiles
 f - 2 silver javelins (quivered)
 o - 8 atropa-tipped darts
 w - 12 boomerangs
 S - 5 curare-tipped darts
 V - 28 poisoned darts
 W - a throwing net
Armour
 g - a +4 ring mail of willpower
 v - a +0 cloak (worn)
 G - a +0 plate armour (worn)
 L - a +0 pair of gloves (worn)
 N - a +0 kite shield (worn)
Jewellery
 k - an amulet of the acrobat (around neck)
 q - a +6 ring of strength (left hand)
 A - a ring of resist corrosion (right hand)
 M - a ring of ice
 U - a ring of positive energy
 Z - a ring of flight
Talismans
 z - a beast talisman
Wands
 C - a wand of paralysis (23)
 I - a wand of mindburst (20)
 X - a wand of acid (4)
Scrolls
 c - a scroll of torment {unknown}
 e - 2 scrolls of fear {unknown}
 i - 3 scrolls of noise
 j - a scroll of enchant armour {unknown}
 r - a scroll of amnesia {unknown}
 y - a scroll of revelation {unknown}
 B - 3 scrolls of enchant weapon
 F - 2 scrolls of vulnerability
 H - 2 scrolls of fog
 K - 2 scrolls of butterflies
 O - 3 scrolls of teleportation
 T - 2 scrolls of silence {unknown}
 Y - a scroll of poison {unknown}
Potions
 d - 2 potions of might
 h - 3 potions of enlightenment {unknown}
 l - 2 potions of brilliance {unknown}
 m - 2 potions of degeneration {unknown}
 n - 2 potions of berserk rage {unknown}
 p - a potion of cancellation {unknown}
 s - 3 potions of ambrosia {unknown}
 t - 2 potions of lignification {unknown}
 u - a potion of mutation {unknown}
 x - 3 potions of haste {unknown}
 D - 2 potions of curing
 Q - a potion of resistance {unknown}
 R - 2 potions of attraction {unknown}


   Skills:
 + Level 7.8 Fighting
 + Level 6.2 Long Blades
 + Level 10.9 Maces & Flails
 + Level 1.6 Throwing
 + Level 10.2 Armour
 + Level 5.3 Dodging
 + Level 2.7 Stealth
 + Level 8.7 Shields
 + Level 1.3 Evocations


You had 10 spell levels left.
You didn't know any spells.
Your spell library contained the following spells:

 Spells                   Type           Power      Damage    Failure   Level
 Freeze                   Ice            0%         1d3       100%        1
 Sting                    Tmut/Pois      0%         1d3       100%        1
 Cigotuvi's Dreadful Rot  Necr/Pois/Air  0%         N/A       100%        2
 Ensorcelled Hibernation  Hex/Ice        0%         N/A       100%        2
 Passwall                 Tmut/Erth      0%         N/A       100%        2
 Poisonous Vapours        Pois/Air       0%         N/A       100%        2
 Frozen Ramparts          Ice            0%         1d1       100%        3
 Hailstorm                Conj/Ice       0%         3d3       100%        3
 Swiftness                Air            0%         N/A       100%        3
 Dispel Undead            Necr           0%         3d6       100%        4
 Olgreb's Toxic Radiance  Pois           0%         N/A       100%        4
 Petrify                  Tmut/Erth      0%         N/A       100%        4
 Metabolic Englaciation   Hex/Ice        0%         N/A       100%        5
 Death Channel            Necr           0%         N/A       100%        6


Dungeon Overview and Level Annotations

Branches:
Dungeon (11/15)            Temple (0/1) D:7             Orc (0/2) D:9
   Lair: D:8-11

Altars:
Ashenzari
Gozag
Makhleb
Ru
Trog
Xom
The Shining One

Annotations:
D:8 3 runed translucent doors, samgaumpmail's ghost, novice TrHu
D:9 3 runed translucent doors, cforsyth's ghost, novice DjCK
D:11 Erolcha


Innate Abilities, Weirdness & Mutations

You have a pair of horns on your head.
You reflexively headbutt those who attack you in melee.
[You have an uncontrollable temper.]
[Armour fits poorly on your strangely shaped body.]
[Your body often deteriorates upon taking damage.]
[You are very dopey. (Int -4)]
[Your magical capacity is very low. (-20% MP)]
[You frequently scream uncontrollably at your foes.]
[You do not regenerate when monsters are visible.]
[((You are often teleported next to monsters.))]
[You are very vulnerable to cold. (rC--)]
[Your spells are easier to cast, but less powerful.]
[You sometimes lose the ability to read scrolls when taking damage.]


Message History

The wretched star glows turbulently.
The lance of force hits you!!
* * * LOW HITPOINT WARNING * * *
You are knocked back by the lance of force.
Throw: 6 javelins (silver)
Press: ? - help, Q - select action, (/) - cycle Shift-Dir - straight line, f - wretched star
Aim: a wretched star (almost destroyed, 56% to hit, chaotic)
You throw a silver javelin.
The silver javelin pierces through the wretched star but does no damage.
The silver sears the wretched star!
The wretched star is almost destroyed.
The wretched star pulses with an eldritch light!
You occasionally lose the ability to read scrolls when taking damage.
You lose the ability to read scrolls when taking damage more often.
Throw: 5 javelins (silver)
Press: ? - help, Q - select action, (/) - cycle Shift-Dir - straight line, f/p - wretched star
Aim: a wretched star (almost destroyed, 56% to hit, chaotic)
You throw a silver javelin.
The silver javelin closely misses the wretched star.
The wretched star pulses with an eldritch light!
Your regeneration stops near monsters.
Throw: 4 javelins (silver)
Press: ? - help, Q - select action, (/) - cycle Shift-Dir - straight line, f/p - wretched star
Aim: a wretched star (almost destroyed, 56% to hit, chaotic)
You throw a silver javelin.
The silver javelin closely misses the wretched star.
The wretched star pulses with an eldritch light!
Your connection to magic feels subdued.
Your connection to magic feels more subdued.
Throw: 3 javelins (silver)
Press: ? - help, Q - select action, (/) - cycle Shift-Dir - straight line, f/p - wretched star
Aim: a wretched star (almost destroyed, 56% to hit, chaotic)
You throw a silver javelin.
The silver javelin pierces through the wretched star but does no damage.
The silver sears the wretched star!
The wretched star is almost destroyed.
The wretched star glows turbulently.
The lance of force hits you!!
You die...
Your body crumbles into a pile of gold.

. #..### .#
# ##. #
#....##.##
#...##...
#.##(#.###
# .. #(...
# #.#.
#.#*.#.#
#..
.##.#..## .
. #.....@#
.#..
.....#..#
..
##........#
#.#...####
#....#.
#..##.# ..
.# ..


You could see a wretched star.

Vanquished Creatures
  Pikel (D:5)
  2 ugly things
  An unseen horror (D:11)
  A hornet (D:8)
  Prince Ribbit (D:6)
  Sigmund (D:5)
  3 wraiths
  3 wyverns
  2 steam dragons
  A vampire mosquito (D:9)
  Edmund (D:4)
  3 acid dragons
  3 water moccasins
  3 orc warriors
  A sky beast (D:8)
  2 black bears (D:7)
  An ogre (D:7)
  2 centaurs
  A phantom (D:4)
  2 lemures (D:5)
  5 kobold brigands
  8 bullfrogs
  3 gnoll sergeants
  2 scorpions (D:6)
  4 wights (D:6)
  6 killer bees (D:10)
  A howler monkey (D:9)
  A crimson imp (D:6)
  5 jellies
  A hound (D:5)
  Crazy Yiuf (D:5)
  10 orc priests
  4 iguanas
  3 sleepcaps
  9 orc wizards
  7 gnolls
  12 adders
  A shadow imp (D:5)
  6 white imps
  2 worms
  A dart slug (D:1)
  31 orcs
  8 bats
  13 endoplasms
  4 giant cockroaches
  6 goblins
  5 hobgoblins
  9 jackals
  4 quokkas
  7 ball pythons
  4 frilled lizards
  27 kobolds
  5 rats
250 creatures vanquished.

Notes
Turn   | Place    | Note
-------+----------+-------------------------------------------
     0 | D:1      | Fodor the Minotaur Fighter began the quest for the Orb.
     0 | D:1      | Reached XP level 1. HP: 19/19 MP: 0/0
    99 | D:1      | Reached XP level 2. HP: 27/27 MP: 1/1
   330 | D:1      | Reached XP level 3. HP: 29/33 MP: 2/2
   560 | D:2      | Identified the +0 whip "Xom's Recklessness" {elec, rPois
                  | rF+}
   728 | D:2      | Found a sacrificial altar of Ru.
   803 | D:2      | Reached XP level 4. HP: 35/41 MP: 3/3
  1101 | D:2      | Reached skill level 1 in Dodging
  1307 | D:2      | Reached XP level 5. HP: 37/47 MP: 4/4
  1736 | D:3      | Found a glowing golden altar of the Shining One.
  1781 | D:3      | Reached skill level 5 in Armour
  1876 | D:3      | Reached XP level 6. HP: 15/55 MP: 5/5
  2318 | D:3      | Reached skill level 5 in Fighting
  2794 | D:4      | Noticed Edmund
  2812 | D:4      | Killed Edmund
  2813 | D:4      | Reached skill level 5 in Long Blades
  2993 | D:4      | Noticed a water moccasin
  3004 | D:4      | Killed a water moccasin
  3005 | D:4      | Reached XP level 7. HP: 25/61 MP: 6/6
  3186 | D:4      | Reached skill level 1 in Maces & Flails
  3632 | D:5      | Entered Level 5 of the Dungeon
  3790 | D:5      | Reached skill level 5 in Shields
  3926 | D:5      | Found a runed translucent door.
  3927 | D:5      | Noticed Crazy Yiuf
  3932 | D:5      | Killed Crazy Yiuf
  4053 | D:5      | Noticed Sigmund
  4059 | D:5      | Killed Sigmund
  4060 | D:5      | Reached XP level 8. HP: 62/70 MP: 7/7
  4395 | D:5      | Noticed Pikel
  4409 | D:5      | Killed Pikel
  4410 | D:5      | Reached skill level 5 in Maces & Flails
  4410 | D:5      | Reached skill level 1 in Stealth
  4980 | D:6      | Identified the +2 war axe "Fawn" {flame, rF+ Will+ rCorr
                  | Int+3}
  5234 | D:6      | Reached XP level 9. HP: 58/78 MP: 8/8
  5364 | D:6      | Found an opulent altar of Gozag.
  5373 | D:6      | Became a worshipper of Gozag Ym Sagoz the Greedy
  5399 | D:6      | Found a broken altar of Ashenzari.
  5460 | D:6      | Noticed Prince Ribbit
  5470 | D:6      | Killed Prince Ribbit
  6652 | D:7      | Noticed a cyan ugly thing
  6657 | D:7      | Killed a cyan ugly thing
  6910 | D:7      | Found a staircase to the Ecumenical Temple.
  6913 | D:7      | Reached skill level 5 in Dodging
  7169 | D:7      | Reached skill level 1 in Evocations
  7169 | D:7      | Reached XP level 10. HP: 78/84 MP: 9/9
  7693 | D:8      | Reached skill level 1 in Throwing
  8008 | D:8      | Found a runed translucent gate.
  8008 | D:8      | Found a runed translucent gate.
  8008 | D:8      | Found a runed translucent gate.
  8008 | D:8      | Noticed samgaumpmail's ghost (novice TrHu)
  8044 | D:8      | Found a burning altar of Makhleb.
  8141 | D:8      | Found a sacrificial altar of Ru.
  8522 | D:9      | HP: 4/86 [poisoned by a gnoll sergeant]
  8743 | D:9      | Found a shimmering altar of Xom.
  8823 | D:9      | Reached skill level 10 in Maces & Flails
  8880 | D:9      | Found a runed translucent gate.
  8880 | D:9      | Found a runed translucent gate.
  8881 | D:9      | Found a runed translucent gate.
  8882 | D:9      | Noticed cforsyth's ghost (novice DjCK)
  8944 | D:9      | Found a staircase to the Orcish Mines.
  9547 | D:10     | Entered Level 10 of the Dungeon
  9712 | D:10     | Noticed a red ugly thing
  9719 | D:10     | Killed a red ugly thing
  9720 | D:10     | Reached skill level 10 in Armour
 10214 | D:10     | Found a bloodstained altar of Trog.
 10582 | D:11     | Reached XP level 11. HP: 93/94 MP: 10/10
 10605 | D:11     | Noticed Erolcha
 10635 | Abyss:1  | Cast into level 1 of the Abyss (Erolcha)
 10667 | Abyss:1  | Noticed a wretched star
 10697 | Abyss:1  | Killed from afar by a wretched star

Illustrated notes

Levels and vault maps discovered:
D:1:      co_arrival_square_in_a_square_in_a_square, layout_rooms
D:2:      cheibrodos_fertilizer, layout_loops_ring, basic_altar
D:3:      layout_loops_ring, mainiacjoe_overflow_chevrons
D:4:      layout_basic, uniq_edmund
D:5:      layout_loops_corners, uniq_sigmund, uniq_crazy_yiuf_cottage,
          uniq_pikel
D:6:      layout_basic, mainiacjoe_overflow_catch_the_wave, st_stairs_11,
          minmay_fire_ice_demons, uniq_prince_ribbit1
D:7:      layout_gridville, minmay_temple_entry_mini_moons
D:8:      layout_cave_pools, mainiacjoe_overflow_24_doors,
          nicolae_ru_awakened_eye, gammafunk_ghost_nasty_kobolds,
          chequers_serial_rivers_small_3, st_stairs_3
D:9:      minmay_distorted_concentric_squares, layout_loops_ring,
          marbit_many_paths, ebering_ghost_rock_garden, roderic_roman_lattice
D:10:     layout_roguey, trog_three_pillars_becter
D:11:     layout_small_grid, erik_lair_island, gauntlet_entry_generic,
          nooodl_orcs_dogs, uniq_erolcha
Abyss:1:  base:
D:1

Skill      XL: |  1  2  3  4  5  6  7  8  9 10 |
---------------+-------------------------------+-----
Fighting       | 4 5 6 7 |  7.8
Shields        | 4 5 6 8 |  8.7
Long Blades    | 3 4 5 6 |  6.2
Armour         | 4 5 6 7 8 10 | 10.2
Dodging        | 1 2 3 5 |  5.3
Maces & Flails | 3 6 8 10 | 10.9
Stealth        | 1 2 |  2.7
Evocations     | 1 |  1.3
Throwing       | 1 |  1.6

Action                     |  1- 3 |  4- 6 |  7- 9 | 10-12 || total
---------------------------+-------+-------+-------+-------++-------
  Melee: Long sword        |    83 |   139 |       |       ||   222
         Headbutt          |    10 |    33 |    21 |    27 ||    91
         Flail             |       |    23 |   140 |   201 ||   364
  Throw: Javelin           |       |       |     5 |     8 ||    13
  Evoke: Wand              |       |       |     2 |       ||     2
    Use: Potion            |       |     4 |       |     3 ||     7
         Scroll            |       |       |       |     6 ||     6
   Stab: Distracted        |       |       |       |     3 ||     3
 Armour: Scale mail        |    78 |    80 |       |       ||   158
         Ring mail         |       |    12 |    70 |       ||    82
         Plate armour      |       |       |    70 |   164 ||   234
  Dodge: Dodged            |    69 |    98 |   117 |    97 ||   381
  Block: Buckler           |    24 |    25 |    21 |       ||    70
         Kite shield       |       |       |    42 |   118 ||   160

Table legend: (Time is in decaauts)
 A = Elapsed time spent in this place.
 B = Non-inter-level travel time spent in this place.
 C = Inter-level travel time spent in this place.
 D = Time resting spent in this place.
 E = Time spent auto-exploring this place.
 F = Levels seen in this place.
 G = Mean time per level.
                   A        B        C        D        E       F      G
               +--------+--------+--------+--------+--------+-----+--------+
         Total |  10976 |  10776 |    200 |   2457 |      0 |  12 |  914.7 |
       Dungeon |  10909 |  10709 |    200 |   2427 |      0 |  11 |  991.7 |
         Abyss |     67 |     67 |      0 |     30 |      0 |   1 |   67.0 |
               +--------+--------+--------+--------+--------+-----+--------+

Top non-repeatable levels by time:
     D:6: 1493 daAuts
     D:5: 1354 daAuts
     D:9: 1293 daAuts
     D:7: 1248 daAuts
     D:4: 1076 daAuts
     D:3: 1058 daAuts
     D:2: 1003 daAuts
    D:10: 989 daAuts
     D:8: 678 daAuts
     D:1: 571 daAuts
    D:11: 140 daAuts
 Abyss:1: 67 daAuts
